 Dungeon Crawl Stone Soup version 0.27.1-2-g3b301248ec (webtiles) character file.

Game seed: 7621551081870308931

387 Borgoz the Covered (level 6, -3/40 HPs)
             Began as a Gargoyle Fighter on Sept 28, 2021.
             Splashed by Ijyb's acid (11 damage)
             ... on level 3 of the Dungeon.
             The game lasted 00:04:15 (2318 turns).

Borgoz the Covered (Gargoyle Fighter)               Turns: 2318, Time: 00:04:16

Health: -3/40      AC: 14    Str: 19    XL:     6   Next: 78%
Magic:  6/6        EV:  2    Int:  9    God:
Gold:   121        SH:  9    Dex: 11    Spells: 5/5 levels left

rFire    . . .     SeeInvis .   a - +0 flail
rCold    . . .     Faith    .   c - +0 kite shield
rNeg     + . .     Spirit   .   k - +0 chain mail
rPois    ∞         Reflect  .   (no helmet)
rElec    +         Harm     .   (no cloak)
rCorr    .         Rampage  .   (no gloves)
Will     .....                  (no boots)
Stlth    ..........             h - amulet of regeneration
HPRegen  1.13/turn              (no ring)
MPRegen  0.10/turn              (no ring)

@: mighty, constricted
A: sickness immunity, AC +4, negative energy resistance 1, electricity
resistance, torment resistance 1, petrification resistance
a: no special abilities


You were on level 3 of the Dungeon.
You visited 1 branch of the dungeon, and saw 3 of its levels.

You collected 121 gold pieces.

Inventory:

Hand Weapons
 a - a +0 flail (weapon)
Armour
 c - a +0 kite shield (worn)
 k - a +0 chain mail (worn)
Jewellery
 h - an amulet of regeneration (around neck)
Wands
 l - a wand of flame (12)
Scrolls
 b - a scroll of magic mapping {unknown}
 e - 4 scrolls of identify {unknown}
 j - 2 scrolls of blinking {unknown}
Potions
 g - a potion of ambrosia {unknown}
 i - a potion of lignification {unknown}


   Skills:
 * Level 4.9 Fighting
 * Level 3.9 Maces & Flails
 * Level 5.0 Armour
 + Level 1.5 Dodging
 + Level 4.1 Shields


You had 5 spell levels left.
You didn't know any spells.
Your spell library contained the following spells:

 Spells                   Type           Power      Damage    Failure   Level
 Gell's Gravitas          Tloc           0%         N/A       100%        3
 Lesser Beckoning         Tloc           0%         N/A       100%        3
 Teleport Other           Tloc           0%         N/A       100%        3


Dungeon Overview and Level Annotations

Branches:
Dungeon (3/15)

Altars:

Shops:
D:1 [!*!?

Annotations:
D:3 Ijyb


Innate Abilities, Weirdness & Mutations

You are immune to sickness and miasma.
Your stone body is resilient. (AC +4)
You are immune to poison.
You resist negative energy. (rN+)
You are resistant to electric shocks. (rElec)
You are resistant to unholy torment.
You are immune to petrification.


Message History

You hear a bark!
Ijyb hits you with a +0 dagger. You block Ijyb's attack.
You completely miss Ijyb. The ball python bites you.
You block the ball python's attack. x2; The ball python grabs you.
The ball python constricts you.
Ijyb zaps a wand.
The bolt of acid hits you but does no damage.
You are splashed with acid!
You closely miss the ball python.
The ball python bites you but does no damage.
The ball python constricts you. You block Ijyb's attack.
You block the ball python's attack. The ball python constricts you.
Ijyb hits you but does no damage.
Your chain mail prevents you from hitting the ball python.
You block the ball python's attack. The ball python constricts you.
A jackal comes into view.
Ijyb zaps a wand.
The bolt of acid hits you!
You are splashed with acid!
* * * LOW HITPOINT WARNING * * *
The ball python barely misses you. The ball python constricts you.
Unknown command.
You feel better. Ijyb hits you but does no damage.
You block the ball python's attack. The ball python constricts you.
You feel better. Ijyb barely misses you.
The ball python bites you but does no damage.
The ball python constricts you.
You feel very mighty all of a sudden. You block the ball python's attack.
The ball python constricts you. Ijyb hits you but does no damage.
You thump Ijyb!
Ijyb is moderately wounded.
The ball python bites you but does no damage.
The ball python constricts you. Ijyb hits you but does no damage.
You block the ball python's attack. The ball python constricts you.
You barely miss Ijyb.
Ijyb is moderately wounded.
Ijyb hits you with a +0 dagger.
The ball python bites you but does no damage.
The ball python constricts you.
Ijyb zaps a wand.
The bolt of acid hits you!
* * * LOW HITPOINT WARNING * * *
You are splashed with acid!
You die...

.....## #.#
##.. ..<###
#.# #.. ...
..## #.# #.#
... .##
#####.###.# ..
.#
#.........##..
..
#.###......#.#
###
#........#.#
#.#.###..#.#
#.#......@g# #
#####..#Sh...#
#/.#h..<.#
#..####.#.#
.... # . ###.#
##### #.#
..... .. ...##


You could see Ijyb, 2 jackals and a ball python.

Vanquished Creatures
  Grinder (D:3)
  An ice beast (D:3)
  5 adders
  A gnoll (D:1)
  A worm (D:3)
  A dart slug (D:1)
  4 ball pythons
  4 endoplasms
  A giant cockroach (D:1)
  3 goblins
  3 hobgoblins
  2 jackals (D:1)
  A quokka (D:3)
  3 bats
  A frilled lizard (D:1)
  8 kobolds
  6 rats
46 creatures vanquished.

Notes
Turn   | Place    | Note
-------+----------+-------------------------------------------
     0 | D:1      | Borgoz the Gargoyle Fighter began the quest for the Orb.
     0 | D:1      | Reached XP level 1. HP: 14/14 MP: 1/1
   134 | D:1      | Found Saw Gyra's Distillery.
   571 | D:1      | Reached XP level 2. HP: 19/19 MP: 2/2
   572 | D:1      | Found Toepporra's Magic Scroll Shop.
   616 | D:1      | Found Moplogg's Distillery.
   650 | D:1      | Found Soezoaj's General Store.
   733 | D:1      | Reached XP level 3. HP: 20/23 MP: 3/3
   828 | D:1      | Found Ummaw's Antique Armour Shop.
   838 | D:1      | You fall into a shaft and drop 1 floor!
  1959 | D:3      | Reached XP level 4. HP: 29/29 MP: 4/4
  2003 | D:3      | Noticed an ice beast
  2021 | D:3      | HP: 1/29 [ice beast (11)]
  2032 | D:3      | Killed an ice beast
  2033 | D:3      | Reached skill level 4 in Armour
  2033 | D:3      | Reached skill level 1 in Dodging
  2033 | D:3      | Reached XP level 5. HP: 34/34 MP: 5/5
  2158 | D:3      | Noticed Grinder
  2204 | D:3      | Paralysed by Grinder for 2 turns
  2212 | D:3      | Paralysed by Grinder for 2 turns
  2218 | D:3      | Killed Grinder
  2219 | D:3      | Reached XP level 6. HP: 29/40 MP: 6/6
  2296 | D:3      | Reached skill level 5 in Armour
  2307 | D:3      | Noticed Ijyb
  2313 | D:3      | HP: 1/40 [acid (13)]
  2318 | D:3      | Splashed by Ijyb's acid

Illustrated notes

Levels and vault maps discovered:
D:1:      noname_arrival_rooms_in_the_neighbourhood, layout_basic, serial_shops,
          shop, nicolae_shop_crystal, shop, shop, shop_statue, serial_forest,
          infiniplex_forest_straight_5, infiniplex_forest_clump_small,
          infiniplex_forest_corner_2, infiniplex_forest_end_2
D:2:      layout_loops_ring
D:3:      layout_loops_ring, nicolae_overflow_hidden_temple,
          dreamdust_ecumenical_altar_drowned_temple, nrook_loot_triangle,
          hangedman_decor_peaks_small, uniq_grinder, uniq_jessica, uniq_ijyb

Skill      XL: |  1  2  3  4  5  6 |
---------------+-------------------+-----
Fighting       | 4 |  4.9
Maces & Flails | 3 |  3.9
Armour         | 4 5 |  5.0
Dodging        | 1 |  1.5
Shields        | 4 |  4.1

Action                   |  1- 3 |  4- 6 || total
-------------------------+-------+-------++-------
Melee: Flail             |   107 |   119 ||   226
  Use: Potion            |       |     5 ||     5
Armor: Scale mail        |    37 |       ||    37
       Chain mail        |     5 |   114 ||   119
Dodge: Dodged            |    24 |    27 ||    51
Block: Kite shield       |    51 |    79 ||   130
